[Event "Team 45 45 League T48"]
[Site "Internet Chess Club"]
[Date "2011.04.02"]
[Round "8"]
[White "alaskauk"]
[Black "JohLeb"]
[Result "1-0"]
[WhiteElo "1472"]
[BlackElo "1440"]
[Opening "Sicilian"]
[ECO "B50"]
[Time "15:02:49"]
[TimeControl "2700+45"]

1. e4 c5 2. Nf3 d6 3. c3 Nc6 4. Bc4 Nf6 5. d3 Bg4 6. Bg5 e6 7. Nbd2 Be7 8. h3
Bh5 9. Qc2 O-O 10. g4 Bg6 11. O-O-O Nd7 12. Bxe7 Qxe7 13. Rdg1 Nde5 14. Nxe5
Nxe5 15. f4 Nxc4 16. Nxc4 f5 17. exf5 exf5 18. Re1 Qc7 19. Qb3 d5 20. Ne5 Bf7
21. gxf5 d4 22. c4 b6 23. h4 Rab8 24. Qd1 b5 25. b3 bxc4 26. dxc4 Rbd8 27. h5 a5
28. Qf3 h6 29. Reg1 a4 30. f6 g5 31. hxg6 Be6 32. Nf7 Rxf7 33. gxf7+ {Black
resigns} 1-0

[Event "Team 45 45 League T48"]
[Site "Internet Chess Club"]
[Date "2011.04.02"]
[Round "8"]
[White "witchfynder"]
[Black "dpmdpm"]
[Result "1-0"]
[WhiteElo "1350"]
[BlackElo "1494"]
[Opening "Sicilian: Najdorf, 7.f4"]
[ECO "B96"]
[Time "16:02:49"]
[TimeControl "2700+45"]

1. e4 c5 2. Nf3 d6 3. d4 cxd4 4. Nxd4 Nf6 5. Nc3 a6 6. Bg5 e6 7. f4 Nbd7 8. Nb3
Qc7 9. Qf3 Be7 10. O-O-O h6 11. Qh3 b5 12. Bd3 Bb7 13. Bxf6 Bxf6 14. Rhg1 Bxc3
15. bxc3 Qxc3 16. Qg3 O-O 17. e5 dxe5 18. Bh7+ {Black resigns} 1-0

[Event "Team 45 45 League T48"]
[Site "Internet Chess Club"]
[Date "2011.03.31"]
[Round "8"]
[White "otib2006"]
[Black "Aquaman"]
[Result "1-0"]
[WhiteElo "1290"]
[BlackElo "1332"]
[Opening "Robatsch (modern) defense"]
[ECO "B06"]
[Time "16:20:56"]
[TimeControl "2700+45"]

1. e4 g6 2. Bc4 Bg7 3. Nf3 e6 4. O-O Ne7 5. Nc3 O-O 6. d4 c6 7. Bg5 h6 8. Bh4
Re8 9. e5 Qc7 10. a4 Nf5 11. Bf6 Bxf6 12. exf6 h5 13. Qd2 d5 14. Bd3 Nd7 15.
Bxf5 exf5 16. Qh6 Nxf6 17. Qg5 Qd8 18. Rfe1 Be6 19. b4 Kg7 20. a5 a6 21. Na4 Nd7
22. Nc5 Nxc5 23. bxc5 Qf6 24. Qxf6+ Kxf6 25. Ne5 Rad8 26. Rab1 Rb8 27. f4 Kg7
28. Nf3 f6 29. Re3 Kf7 30. Reb3 Re7 31. Rb6 Rc7 32. Rxa6 bxa6 33. Rxb8 Bc8 34.
Rb1 Re7 35. Rb6 Bb7 36. Kf2 Ke8 37. Nh4 Kf7 38. Nf3 Kg7 39. Ne1 g5 40. g3 g4 41.
Nd3 Kf7 42. Nb4 Rc7 43. Nxa6 Bxa6 44. Rxa6 Ke7 45. Rb6 Kd7 46. a6 Ra7 47. Ke3
Kc7 48. Rb7+ Rxb7 49. axb7 Kxb7 50. Kd3 Ka6 51. Kc3 Kb5 52. Kb3 Ka5 53. Ka3 Kb5
54. Kb3 Ka5 55. c4 dxc4+ 56. Kxc4 Ka6 57. d5 cxd5+ 58. Kxd5 Kb7 59. Ke6 Kc6 60.
Kxf6 Kxc5 61. Kxf5 Kd4 62. Kg5 Ke3 63. Kxh5 Ke4 64. Kh4 Kf5 65. Kh5 {Black
resigns} 1-0